 Dungeon Crawl Stone Soup version 0.22-a0-609-gfedc9ff (webtiles) character file.

105 sking99 the Insei (level 4, 0/36 HPs)
             Began as a Draconian Transmuter on July 10, 2018.
             Slain by an orc
             ... wielding a +0 short sword of speed
              (3 damage)
             ... on level 3 of the Dungeon.
             The game lasted 00:04:13 (2928 turns).

sking99 the Insei (Draconian Transmuter)            Turns: 2928, Time: 00:04:13

Health: 0/36       AC:  5    Str: 12    XL:     4   Next: 54%
Magic:  5/7        EV: 13    Int: 13    God:
Gold:   90         SH:  0    Dex: 13    Spells: 4/7 levels left

rFire    . . .     SeeInvis .     - Unarmed
rCold    . . .     Gourm    .   (no shield)
rNeg     . . .     Faith    .   (armour unavailable)
rPois    .         Spirit   .   (helmet restricted)
rElec    .         Reflect  .   (no cloak)
rCorr    .         Harm     .   (no gloves)
MR       .....                  (no boots)
Stlth    +.........             (no amulet)
HPRegen  0.12/turn              (no ring)
MPRegen  0.10/turn              (no ring)

@: no status effects
A: unfitting armour, cold-blooded, AC +5
a: no special abilities


You were on level 3 of the Dungeon.
You were not hungry.

You visited 1 branch of the dungeon, and saw 3 of its levels.

You collected 90 gold pieces.

Inventory:

Missiles
 a - 42 arrows
Scrolls
 e - a scroll of remove curse {unknown}
 g - a scroll of fog {unknown}
Potions
 b - a potion of haste {unknown}
 f - a potion of agility {unknown}
 h - a potion of heal wounds {unknown}
Comestibles
 c - 2 rations
 d - 2 chunks of flesh


   Skills:
 + Level 2.2 Fighting
 + Level 2.5 Dodging
 * Level 4.1 Unarmed Combat
 - Level 2.0 Spellcasting
 + Level 2.7 Transmutations


You had 4 spell levels left.
You knew the following spells:

 Your Spells              Type           Power        Failure   Level  Hunger
a - Beastly Appendage     Tmut           #.....       9%          1    ##.....
b - Sticks to Snakes      Tmut           #.......     13%         2    ###....

Your spell library contained the following spells:

 Spells                   Type           Power        Failure   Level  Hunger
 Spider Form              Tmut/Pois      #.........   41%         3    ####...
 Blade Hands              Tmut           #.........   93%         5    ######.
 Ice Form                 Ice/Tmut       #.......     82%         4    #####..


Dungeon Overview and Level Annotations

Branches:
Dungeon (3/15)

Altars:

Annotations:
D:3 Terence


Innate Abilities, Weirdness & Mutations

Your plain brown scales are hard. (AC +5)
You cannot fit into any form of body armour.
You are cold-blooded and may be slowed by cold attacks.


Message History

You hit the orc but do no damage.
The orc hits you with a short sword of speed.
The orc misses you.
You barely miss the orc. The orc closely misses you.
The orc hits you with a whip.
You closely miss the orc.
Your tail-slap misses the orc.
The orc hits you with a short sword of speed.
* * * LOW HITPOINT WARNING * * *
The orc barely misses you.
You barely miss the orc priest.
The orc hits you with a short sword of speed.
* * * LOW HITPOINT WARNING * * *
The orc priest misses you.
You closely miss the orc priest. The orc barely misses you.
The orc completely misses you. The orc priest completely misses you.
Casting: Sticks to Snakes (safe; 13% risk of failure)
Confirm with . or Enter, or press ? or * to list all spells.
You create a snake!
You now have 42 arrows.
The orc hits you with a short sword of speed.
You die...

.......#..........)........
.......#.......[...........
.......#.########<########'
.......#.#.................
.......#.#..#######...#####
..........................#
..........................#
.........oor..............#
.......#go@.#.............#
.......#.#S...............#
....g..# #................#
...o... #......###########
....#.. #........ .r..#..
######### ... #..


You could see an orc priest, 2 orcs, a goblin, a rat and a friendly ball python.

Vanquished Creatures
  An adder (D:2)
  2 oozes (D:1)
  3 worms (D:2)
  A dart slug (D:1)
  An orc (D:3)
  9 bats
  4 giant cockroaches
  9 goblins
  11 hobgoblins
  3 jackals
  A quokka (D:3)
  A ball python (D:3)
  4 frilled lizards
  5 kobolds
  7 rats
62 creatures vanquished.

Vanquished Creatures (collateral kills)
  2 adders (D:2)
2 creatures vanquished.

Grand Total: 64 creatures vanquished

Notes
Turn   | Place    | Note
-------+----------+-------------------------------------------
     0 | D:1      | sking99 the Draconian Transmuter began the quest for the Orb.
     0 | D:1      | Reached XP level 1. HP: 16/16 MP: 3/3
   150 | D:1      | Reached XP level 2. HP: 16/23 MP: 5/5
   164 | D:1      | Learned a level 2 spell: Sticks to Snakes
   614 | D:1      | Reached XP level 3. HP: 17/29 MP: 6/6
  1789 | D:2      | Reached XP level 4. HP: 35/36 MP: 7/7
  1960 | D:2      | Reached skill level 4 in Unarmed Combat
  2299 | D:3      | Noticed Terence
  2389 | D:3      | Noticed a phantom
  2928 | D:3      | Slain by an orc

Vault maps used:
D:1:      dpeg_arrival_three_same_balls, palyth_stone_intersect,
          serial_park_tiny_pond, hangedman_decor_peaks_small, st_stairs_10
D:3:      kennysheep_the_goblin_king, first_ration, st_stairs_3, uniq_terence,
          uniq_grinder

Skill      XL: |  1  2  3  4 |
---------------+-------------+-----
Dodging        | 2 |  2.5
Fighting       | 2 |  2.2
Unarmed Combat | 4 |  4.1
Spellcasting   | |  2.0
Transmutations | |  2.7

Action                   |  1- 3 |  4- 6 || total
-------------------------+-------+-------++-------
Melee: Unarmed           |   202 |    95 ||   297
       Tailslap          |    19 |     8 ||    27
       Punch             |     2 |       ||     2
       Headbutt          |     5 |       ||     5
 Cast: Beastly Appendage |     3 |       ||     3
       Sticks to Snakes  |     2 |     6 ||     8
  Use: Potion            |       |     1 ||     1
 Stab: Sleeping          |       |     2 ||     2
  Eat: Chunk             |     3 |     4 ||     7
Armor: Skin              |    61 |    13 ||    74
Dodge: Dodged            |   139 |    61 ||   200

Table legend:
 A = Spawn XP
 B = Non-spawn XP
 C = Spawn XP percentage of total XP
 D = Spawn monster count
 E = Non-spawn monster count
 F = Spawn count percentage of total count
 G = Total turns spent on level
                    A         B        C        D         E        F      G
               +---------+---------+-------+---------+---------+-------+---------
         Total |       0 |     151 |   0.0 |       0 |      64 |   0.0 |  2928
               +---------+---------+-------+---------+---------+-------+---------
           D:1 |       0 |      59 |   0.0 |       0 |      30 |   0.0 |  1061
           D:2 |       0 |      79 |   0.0 |       0 |      27 |   0.0 |  1579
           D:3 |       0 |      13 |   0.0 |       0 |       7 |   0.0 |   288
               +---------+---------+-------+---------+---------+-------+---------
